Map: Goldenaura LE

Players

Dark - Winner!

  • Race: Zerg Zerg
  • Spawn Location: 5:00

LiquidClem (Clem)

  • Race: Terran Terran
  • League: Grandmaster
  • Spawn Location: 12:00

VOD

Have the link to the VOD?

Description

Time

  • Played on: Oct. 30, 2023, 9:44 p.m.
  • Length: 17:36
Show
View Real Time Build Order
Export as new Build Order

Dark Zerg - Winner!

Build Orders: Hatch First 

Get SALT Encoding   

  12  0:00  Drone  
  13  0:12  Overlord  
  13  0:17  Drone  
  14  0:31  Drone x2  
  16  0:48  Hatchery  
  15  0:51  Drone  
  15  0:55  Drone  
  17  0:58  Drone  
  18  1:12  Spawning Pool  
  18  1:15  Drone  
  18  1:19  Drone  
  19  1:28  Drone  
  20  1:39  Drone  
  21  1:45  Hatchery  
  20  1:50  Drone  
  21  1:59  Queen  
  21  2:00  Zergling x2  
  24  2:02  Zergling x2  
  25  2:10  Queen  
  27  2:15  Overlord  
  27  2:18  Drone  
  28  2:34  Drone x3  
  28  2:35  Drone  
  31  2:37  Queen  
  33  2:45  Overlord  
  33  2:47  Queen  
  33  2:51  Drone  
  36  2:57  Queen  
  38  2:59  Drone  
  38  3:01  Drone  
  38  3:02  Drone  
  38  3:05  Drone  
  42  3:08  Drone  
  43  3:14  Drone  
  43  3:17  Drone x2  
  43  3:18  Queen  
  48  3:24  Overlord  
  48  3:27  Overlord  
  48  3:29  Drone  
  48  3:33  Drone, Roach Warren  
  49  3:36  Extractor  
  49  3:37  Drone, Extractor  
  49  3:38  Extractor  
  49  3:39  Drone  
  48  3:42  Drone x2  
  48  3:44  Drone  
  48  3:45  Drone  
  52  3:52  Drone x4  
  56  4:01  Drone x5  
  61  4:04  Overlord  
  61  4:08  Overlord  
  61  4:12  Overlord  
  61  4:15  Roach x2  
  65  4:20  Overlord  
  65  4:22  Roach x2  
  65  4:23  Roach  
  71  4:25  Roach  
  71  4:28  Roach  
  77  4:31  Roach  
  77  4:33  Roach  
  77  4:38  Roach  
  81  4:43  Drone x4  
  81  4:45  Drone x4  
  89  4:46  Drone  
  89  4:52  Drone x2  
  92  4:57  Drone  
  93  5:00  Lair  
  93  5:02  Drone x2  
  93  5:03  Drone, Evolution Chamber x2  
  93  5:05  Drone x3  
  97  5:10  Drone  
  97  5:11  Extractor  
  97  5:12  Extractor, Drone x2  
  96  5:21  Overlord  
  96  5:22  Drone  
  96  5:26  Overlord  
  96  5:27  Spore Crawler  
  96  5:28  Spore Crawler  
  93  5:29  Spore Crawler  
  93  5:30  Drone x7  
  97  5:35  Zerg Ground Armor Level 1  
  97  5:44  Drone x3, Extractor  
  99  5:51  Overlord  
  99  5:56  Drone  
  99  5:57  Drone x2  
  101  5:58  Overseer  
  101  6:00  Hatchery  
  100  6:14  Drone x7  
  100  6:15  Drone x7  
  107  6:19  Drone  
  107  6:21  Drone  
  104  6:29  Zerg Melee Weapons Level 1  
  104  6:30  Drone x3  
  104  6:40  Infestation Pit, Hatchery  
  104  6:42  Drone  
  104  6:44  Glial Reconstitution, Baneling Nest, Overlord  
  102  6:48  Roach x3  
  102  6:49  Roach x4  
  102  6:51  Overlord  
  116  6:56  Ravager x3  
  116  6:59  Roach  
  121  7:01  Overlord  
  121  7:05  Overlord  
  120  7:12  Roach x3  
  118  7:18  Spore Crawler, Roach x3  
  118  7:21  Hive  
  123  7:25  Drone x2  
  123  7:26  Drone  
  123  7:27  Ravager  
  123  7:28  Roach x2  
  123  7:29  Roach  
  133  7:33  Zerg Ground Armor Level 2  
  133  7:34  Hatchery  
  132  7:41  Zergling x16  
  132  7:42  Zergling x2  
  132  7:44  Metabolic Boost  
  141  7:52  Centrifugal Hooks  
  141  7:55  Zergling x20  
  151  8:02  Ravager x3  
  154  8:08  Roach x3  
  157  8:19  Drone  
  154  8:22  Zergling x2  
  154  8:23  Zergling x20  
  154  8:24  Overlord  
  154  8:25  Overlord  
  165  8:28  Pneumatized Carapace, Burrow  
  165  8:31  Overlord  
  165  8:32  Overlord x2  
  165  8:39  Zerg Melee Weapons Level 2  
  165  8:40  Overlord  
  165  8:42  Viper  
  165  8:43  Viper x2  
  165  8:45  Zergling x14  
  165  8:46  Zergling x2  
  182  8:54  Zergling x12  
  188  8:58  Spore Crawler  
  188  9:01  Zergling x8  
  188  9:02  Zergling x4  
  193  9:08  Adrenal Glands  
  193  9:11  Ultralisk Cavern  
  192  9:17  Nydus Network  
  192  9:21  Baneling x4  
  192  9:23  Baneling x2  
  191  9:25  Zergling x18  
  192  9:44  Zergling x32  
  195  9:51  Zergling x24  
  178  9:55  Zergling x6  
  173  10:04  Ultralisk x2  
  173  10:05  Zerg Ground Armor Level 3  
  170  10:19  Viper  
  160  10:26  Zergling x14  
  160  10:27  Zergling x10  
  170  10:29  Nydus Canal  
  170  10:36  Hatchery  
  170  10:38  Zergling x4  
  172  10:44  Zergling x6  
  173  10:51  Hatchery  
  173  10:56  Hatchery  
  170  10:58  Chitinous Plating  
  170  11:01  Zerg Melee Weapons Level 3  
  170  11:02  Drone x4  
  170  11:03  Drone x2  
  176  11:06  Baneling x4  
  176  11:07  Baneling x3  
  176  11:08  Zergling x6  
  179  11:16  Zergling x14  
  179  11:17  Zergling x4  
  188  11:26  Baneling x5  
  188  11:28  Zergling x2  
  189  11:40  Zergling x22  
  189  11:43  Baneling x4  
  180  11:55  Zergling x18  
  188  12:05  Drone  
  188  12:06  Drone x4  
  193  12:11  Zergling x4  
  195  12:16  Zergling x6  
  195  12:17  Anabolic Synthesis  
  195  12:20  Nydus Canal  
  196  12:24  Baneling x9  
  196  12:28  Zergling x10  
  200  12:30  Baneling x2  
  200  12:31  Baneling  
  200  12:33  Spore Crawler  
  200  12:34  Hatchery  
  197  12:44  Overseer x5  
  197  12:45  Overlord x2  
  196  12:58  Zergling x4  
  196  12:59  Zergling x2  
  197  13:12  Zergling x24  
  199  13:18  Zergling x2  
  200  13:20  Nydus Canal  
  196  13:27  Spore Crawler  
  196  13:29  Zergling x2  
  196  13:30  Zergling x12  
  196  13:39  Zergling x22  
  186  13:41  Zergling x2  
  186  13:42  Zergling x2  
  176  13:49  Zergling x34  
  176  13:53  Baneling x10  
  191  13:56  Zerg Missile Weapons Level 1  
  191  13:57  Spire  
  191  13:58  Baneling x5  
  191  14:01  Zergling x8  
  193  14:07  Zergling x8  
  193  14:08  Drone  
  193  14:09  Zergling x2, Overseer  
  199  14:19  Zergling x2  
  198  14:33  Zergling x12  
  198  14:34  Zergling x2  
  181  14:41  Nydus Canal  
  181  14:42  Zergling x8  
  181  14:43  Zergling x32  
  199  14:47  Baneling x7  
  199  14:58  Baneling  
  199  14:59  Baneling x15  
  190  15:00  Zergling x2, Baneling x2  
  190  15:01  Zergling x16  
  185  15:10  Zergling x26  
  185  15:11  Zergling x14  
  196  15:15  Zergling x2  
  196  15:16  Zergling x4  
  196  15:18  Zerg Flyer Weapons Level 1  
  196  15:20  Baneling x12  
  196  15:21  Baneling  
  199  15:22  Overlord x5  
  185  15:49  Zergling x36  
  160  16:02  Zergling x34  
  154  16:07  Zergling x2  
  142  16:13  Baneling x12  
  142  16:14  Ultralisk x7  
  142  16:15  Zergling x2  
  142  16:16  Nydus Canal  
  184  16:23  Ravager x2  
  184  16:24  Baneling  
  184  16:25  Baneling x4  
  185  16:26  Zergling x10  
  185  16:27  Zergling x6  
  185  16:30  Baneling x3  
  192  16:39  Zergling x8  
  166  16:40  Zergling x8  
  163  16:48  Ultralisk x2  
  163  16:49  Zergling x2  
  163  16:50  Zergling x6  
  163  16:52  Baneling x4  
  163  16:53  Zergling x8  
  163  16:55  Zergling x6  
  160  17:06  Drone x12  
  160  17:07  Drone  
  168  17:10  Zergling x4  
  169  17:16  Zergling x6  
  168  17:29  Nydus Canal  
Show
View Real Time Build Order
Export as new Build Order

LiquidClem Terran 

Build Orders: Reaper Expand, Hellion Banshee 

Get SALT Encoding   

  12  0:00  SCV  
  13  0:12  SCV  
  14  0:17  Supply Depot  
  14  0:24  SCV  
  15  0:38  SCV  
  15  0:39  Barracks  
  16  0:43  Refinery  
  16  0:50  SCV  
  17  1:02  SCV  
  18  1:15  SCV  
  19  1:26  Reaper  
  19  1:27  Orbital Command  
  20  1:39  Command Center  
  20  1:48  Supply Depot  
  20  1:53  SCV  
  21  1:57  Marine  
  22  2:05  SCV  
  23  2:12  Factory  
  23  2:17  SCV  
  23  2:20  Barracks Reactor  
  24  2:29  SCV  
  25  2:38  Command Center  
  25  2:41  SCV  
  26  2:52  Orbital Command  
  26  2:53  SCV  
  27  2:58  Starport  
  27  3:03  Refinery  
  27  3:06  SCV  
  27  3:11  Hellion  
  30  3:15  Hellion  
  30  3:18  SCV  
  30  3:19  SCV  
  34  3:22  Barracks Tech Lab  
  34  3:30  SCV  
  34  3:32  Hellion, SCV  
  38  3:37  Hellion  
  40  3:42  SCV  
  40  3:44  Banshee, SCV  
  45  3:49  Marine  
  45  3:50  Orbital Command  
  45  3:53  Cloaking Field  
  45  3:55  SCV  
  47  3:57  SCV  
  47  4:00  Hellion  
  50  4:04  Hellion  
  50  4:07  Barracks Tech Lab  
  50  4:09  SCV x2  
  54  4:13  Supply Depot  
  54  4:18  SCV  
  54  4:21  SCV x2  
  57  4:27  Barracks  
  57  4:28  Banshee  
  57  4:30  SCV  
  61  4:32  Barracks, Factory Reactor  
  61  4:35  SCV  
  61  4:36  Refinery  
  61  4:37  SCV  
  63  4:42  SCV, Refinery  
  64  4:46  Stimpack, Marine  
  64  4:47  Supply Depot  
  64  4:49  SCV x2  
  67  4:58  SCV, Engineering Bay x2  
  68  5:01  SCV  
  69  5:08  SCV, Marine  
  69  5:10  SCV, Supply Depot  
  71  5:16  SCV  
  71  5:21  SCV  
  71  5:22  Starport Reactor, Marine x2  
  71  5:23  SCV  
  71  5:25  Marine x2  
  71  5:26  Marine  
  71  5:27  Terran Infantry Weapons Level 1, Terran Infantry Armor Level 1  
  75  5:28  SCV  
  75  5:33  Supply Depot  
  76  5:36  SCV  
  76  5:38  Orbital Command, Supply Depot  
  77  5:45  Barracks  
  77  5:49  Barracks, Siege Tank, SCV x2, Marine x3  
  85  5:54  Marine  
  85  5:57  Supply Depot  
  86  6:01  SCV  
  86  6:03  Medivac x2  
  92  6:07  Marine x2  
  92  6:09  SCV  
  94  6:16  Marine  
  94  6:17  SCV, Marine  
  92  6:20  Marine  
  92  6:21  SCV  
  92  6:23  SCV  
  92  6:25  Marine  
  92  6:29  Supply Depot  
  92  6:30  Siege Tank, Marine  
  92  6:31  SCV  
  95  6:33  SCV  
  95  6:35  Barracks Reactor, Medivac  
  95  6:36  Marine, Medivac  
  95  6:37  SCV  
  95  6:38  Supply Depot  
  102  6:40  Armory, Marine  
  102  6:42  Barracks Reactor  
  102  6:45  SCV  
  102  6:46  Marine x2, Refinery  
  106  6:47  Refinery  
  106  6:48  Marine, SCV  
  106  6:50  SCV  
  106  6:52  Supply Depot  
  106  6:53  Factory  
  109  6:57  Marine, SCV  
  109  6:58  Marine  
  109  7:00  SCV  
  113  7:01  Supply Depot  
  113  7:03  SCV  
  113  7:06  Siege Tank  
  117  7:08  Marine  
  117  7:09  SCV  
  117  7:10  Marine  
  117  7:12  SCV  
  117  7:13  Marine x2  
  117  7:15  SCV  
  120  7:16  Marine  
  120  7:18  Supply Depot, Marine  
  120  7:20  Marine  
  120  7:21  SCV  
  124  7:23  Supply Depot, Medivac x2  
  124  7:24  Marine, SCV  
  124  7:26  Marine  
  124  7:27  SCV  
  124  7:29  Marine x2  
  134  7:33  Terran Infantry Weapons Level 2, SCV  
  134  7:35  Combat Shield  
  135  7:37  Marine x4  
  135  7:39  Marine  
  135  7:42  Factory Tech Lab  
  140  7:46  Supply Depot  
  140  7:47  Supply Depot  
  140  7:48  Marine x4  
  140  7:50  Terran Infantry Armor Level 2  
  143  7:54  Marine  
  143  7:55  Marine  
  143  7:58  Supply Depot, Marine x2  
  147  8:01  Siege Tank  
  147  8:03  Marine  
  151  8:07  Command Center  
  151  8:10  Siege Tank  
  151  8:12  Marine  
  151  8:15  Marine x5  
  151  8:16  Marine  
  151  8:19  Terran Vehicle Weapons Level 1  
  155  8:21  Supply Depot  
  155  8:23  Marine  
  155  8:24  Marine  
  157  8:29  Marine  
  157  8:33  Siege Tank  
  157  8:34  Marine  
  161  8:35  Marine x2  
  161  8:38  Medivac x2  
  167  8:43  Barracks x2, Supply Depot  
  167  8:44  Barracks  
  167  8:46  Siege Tank  
  167  8:47  Marine x2  
  172  8:49  Marine  
  172  8:50  SCV  
  172  8:51  SCV  
  175  8:55  Marine  
  176  9:04  Marine  
  176  9:06  Marine x2  
  176  9:08  Siege Tank, Marine x2  
  176  9:09  Ghost Academy  
  184  9:10  Liberator x2  
  190  9:18  SCV x2  
  190  9:21  Siege Tank, Marine  
  190  9:22  Marine  
  190  9:23  Marine  
  195  9:28  Refinery  
  195  9:29  Refinery  
  193  9:34  Barracks Tech Lab  
  193  9:36  Barracks Tech Lab  
  193  9:37  Marine  
  193  9:38  Barracks Tech Lab  
  190  9:40  Siege Tank  
  190  9:42  Marine  
  190  9:43  Marine x2  
  190  9:44  SCV  
  192  9:49  Marine  
  192  9:50  Marine  
  192  9:52  SCV  
  183  9:53  Siege Tank, Medivac, SCV  
  183  9:55  Marine  
  183  9:56  SCV  
  185  10:01  Marauder, Marine x2  
  185  10:04  SCV  
  185  10:05  SCV  
  190  10:08  SCV  
  190  10:12  Siege Tank  
  190  10:14  Medivac  
  187  10:17  SCV x2  
  187  10:20  SCV  
  172  10:22  Ghost  
  172  10:23  Medivac  
  172  10:25  Siege Tank, Marine, Marauder x2  
  172  10:26  Marine x2, Marauder  
  172  10:27  Marine  
  188  10:28  Marine  
  188  10:30  SCV  
  188  10:31  SCV  
  190  10:40  Marine  
  191  10:45  SCV, Marine x3  
  191  10:47  Marauder x2  
  191  10:48  Marine  
  200  10:57  Planetary Fortress  
  200  10:59  Command Center, Refinery  
  200  11:00  Refinery  
  200  11:10  Terran Infantry Weapons Level 3, Ghost Academy  
  200  11:12  Terran Infantry Armor Level 3  
  200  11:17  Missile Turret  
  200  11:26  Command Center  
  200  11:27  Sensor Tower  
  180  11:56  Marauder x2, Marine  
  180  11:57  Marine  
  180  11:58  Ghost  
  184  12:02  Viking  
  184  12:07  Ghost, Marine  
  184  12:08  Marine  
  187  12:11  Viking  
  187  12:13  Marine  
  188  12:16  Marine  
  188  12:17  Ghost, SCV  
  188  12:18  Marauder  
  194  12:24  Missile Turret  
  194  12:27  Ghost  
  196  12:32  Siege Tank  
  199  12:37  Sensor Tower, Refinery  
  199  12:38  Missile Turret  
  199  12:41  Refinery  
  199  12:43  Orbital Command  
  199  12:49  Concussive Shells  
  199  12:59  Planetary Fortress  
  199  13:11  Medivac x2  
  200  13:15  Ghost  
  200  13:19  Ghost  
  198  13:21  Marine  
  198  13:23  Marine  
  198  13:24  Orbital Command, Barracks Tech Lab, Marine  
  198  13:26  Marauder  
  195  13:29  Marine  
  195  13:31  Armory  
  195  13:33  Marine  
  192  13:39  Siege Tank  
  192  13:40  Marine  
  192  13:41  Medivac  
  190  13:43  Siege Tank, Marine  
  190  13:44  Ghost, Marauder  
  190  13:45  SCV, Marine x2  
  190  13:48  Ghost  
  200  13:55  Missile Turret  
  200  13:59  Personal Cloaking  
  200  14:00  Barracks Tech Lab  
  200  14:02  Factory  
  192  14:05  Ghost  
  192  14:06  Missile Turret  
  192  14:07  SCV  
  192  14:08  SCV x3  
  192  14:09  SCV  
  199  14:19  Terran Vehicle Weapons Level 2  
  199  14:21  Hi-Sec Auto Tracking, Neosteel Armor  
  199  14:26  Ghost  
  199  14:34  Marauder  
  199  14:37  Ghost  
  193  14:42  Ghost  
  195  14:48  Siege Tank, Command Center, Marine  
  195  14:50  Command Center, Factory Tech Lab  
  199  15:00  Orbital Command, Marine  
  190  15:08  Marauder, Marine x3  
  190  15:09  Marauder  
  190  15:10  SCV  
  190  15:11  Marine  
  181  15:16  Liberator x2  
  181  15:20  Siege Tank  
  187  15:22  Siege Tank  
  190  15:30  Orbital Command  
  190  15:33  Missile Turret  
  190  15:35  Factory Tech Lab  
  190  15:38  Marauder  
  172  15:44  Marine  
  172  15:46  Marauder  
  172  15:47  Marine x2  
  147  15:52  Siege Tank  
  147  15:54  Siege Tank  
  147  15:55  Siege Tank  
  132  16:09  Liberator x2, Marine x6  
  141  16:19  Marine  
  141  16:22  Orbital Command, Marine  
  141  16:24  Siege Tank  
  146  16:27  SCV x2  
  148  16:39  SCV  
  120  16:41  Marine x2  
  119  16:50  Marauder  
  119  16:52  Marine, Medivac  
  119  16:58  Marauder  
  119  17:04  Marauder  
  100  17:17  Marine  
Tags
 
Add a new tag
Caveats
  • Supply blocks, unpowered buildings, or Contaminate may cause inaccurate times.
  • Supply counts are checked every 10 seconds.